 Dungeon Crawl Stone Soup version 0.29-a0-495-g17b79114eb (webtiles) character file.

Game seed: 7389736384967367163

29328 avis the Grappler (level 13, -9/140 HPs)
             Began as an Ogre Transmuter on May 26, 2022.
             Was an Initiate of Gozag.
             Succumbed to a black mamba's poison
             ... on level 1 of the Lair of Beasts on May 28, 2022.
             The game lasted 01:53:45 (20482 turns).

avis the Grappler (Ogre Transmuter)                Turns: 20482, Time: 01:53:45

Health: -9/140     AC:  6    Str: 23    XL:     13   Next: 44%
Magic:  19/26      EV: 14    Int: 16    God:    Gozag
Gold:   830        SH:  0    Dex: 11    Spells: 11/30 levels left

rFire   . . .      SeeInvis .     - Unarmed
rCold   . . .      Faith    .   (shield currently unavailable)
rNeg    . . .      Spirit   .   E - +2 robe {Will+}
rPois   .          Reflect  .   k - +0 hat
rElec   .          Harm     .   y - scarf {+Inv}
rCorr   .          Rampage  .   (gloves unavailable)
Will    ++...                   (boots unavailable)
Stlth   +.........              (no amulet)
HPRegen 0.33/turn               B - +6 ring of strength
MPRegen 0.20/turn               A - +4 ring of evasion

@: lethally poisoned (-9 -> -64), blade hands, studying Poison Magic
A: large, unfitting armour, tough skin 1, antennae 1, sense surroundings 1,
shaggy fur 1, evolution 1, subdued magic 1
a: End Transformation, Renounce Religion, Evoke Invisibility, Potion Petition,
Call Merchant, Bribe Branch


You were on level 1 of the Lair of Beasts.
You worshipped Gozag.
Gozag was pleased with you.
You had blades for hands.
You visited 3 branches of the dungeon, and saw 15 of its levels.
You also visited: Ossuary and Bailey.

You collected 2723 gold pieces.
You spent 650 gold pieces at shops.
You paid 1243 gold pieces to Gozag.

Inventory:

Missiles
 t - 13 poisoned darts
 x - 9 curare-tipped darts
 M - 11 large rocks
 W - 4 silver javelins
Armour
 k - a +0 hat (worn)
 y - a scarf of invisibility (worn)
 E - a +2 robe of willpower (worn)
 P - a +0 kite shield (melded)
Jewellery
 A - a +4 ring of evasion (right blade hand)
 B - a +6 ring of strength (left blade hand)
 O - a ring of fire
 R - a ring of ice
Wands
 d - a wand of acid (11)
 f - a wand of polymorph (5)
 r - a wand of charming (4)
 s - a wand of digging (14)
 G - a wand of mindburst (21)
 I - a wand of flame (7)
Scrolls
 e - 6 scrolls of teleportation
 g - 3 scrolls of fear
 n - 3 scrolls of fog
 p - a scroll of silence
 q - a scroll of summoning
 v - a scroll of poison
 w - a scroll of magic mapping
 F - 2 scrolls of blinking
Potions
 b - 6 potions of lignification
 c - a potion of ambrosia
 i - 2 potions of heal wounds
 j - 5 potions of resistance
 o - 10 potions of flight
 z - 8 potions of curing
 D - 3 potions of invisibility
 H - 5 potions of might
 K - 4 potions of magic
 L - 7 potions of haste
 U - 5 potions of brilliance


   Skills:
 - Level 12.0 Fighting
 - Level 4.0 Dodging
 * Level 9.1 Shields
 - Level 12.0 Unarmed Combat
 - Level 9.0 Spellcasting
 - Level 8.0 Transmutations
 - Level 4.0 Ice Magic
 - Level 2.0 Poison Magic


You had 11 spell levels left.
You knew the following spells:

 Your Spells              Type           Power      Damage    Failure   Level
a - Beastly Appendage     Tmut           50%        N/A       9%          1
b - Blink                 Tloc           10%        N/A       52%         2
c - Passwall              Tmut/Erth      12%        N/A       22%         2
e - Wereblood             Tmut           25%        N/A       10%         2
p - Spider Form           Tmut/Pois      17%        N/A       24%         3
q - Ice Form              Ice/Tmut       20%        N/A       38%         4
B - Blade Hands           Tmut           12%        N/A       43%         5

Your spell library contained the following spells:

 Spells                   Type           Power      Damage    Failure   Level
 Sandblast                Erth           10%        2d5       41%         1
 Call Imp                 Summ           5%         N/A       52%         2
 Static Discharge         Conj/Air       5%         N/A       52%         2
 Lesser Beckoning         Tloc           5%         N/A       69%         3
 Portal Projectile        Hex/Tloc       10%        N/A       69%         3
 Stone Arrow              Conj/Erth      10%        3d7       69%         3
 Irradiate                Conj/Tmut      7%         3d15      83%         5
 Animate Armour           Summ/Erth      10%        N/A       94%         4
 Cause Fear               Hex            2%         N/A       94%         4
 Dispel Undead            Necr           5%         3d7       94%         4
 Leda's Liquefaction      Hex/Erth       2%         N/A       94%         4
 Sticky Flame             Conj/Fire      5%         2d3       94%         4
 Iskenderun's Battlesphe  Conj           5%         2d6       99%         5
 Lee's Rapid Deconstruct  Erth           2%         3d6*      99%         5
 Manifold Assault         Tloc           5%         N/A       99%         5
 Statue Form              Tmut/Erth      10%        N/A       99%         6
 Iron Shot                Conj/Erth      2%         9d2       100%        6
 Dragon Form              Tmut           12%        N/A       100%        7
 Malign Gateway           Summ/Tloc      2%         N/A       100%        7
 Spellforged Servitor     Conj/Summ      2%         N/A       100%        7
 Summon Hydra             Summ           2%         N/A       100%        7
 Summon Horrible Things   Summ           2%         N/A       100%        8


Dungeon Overview and Level Annotations

Branches:
Dungeon (12/15)            Temple (1/1) D:5            Lair (2/6) D:11
    Orc (0/2) D:10        Ossuary (visited)          Bailey (visited)
  Swamp: Lair:2-4    Shoals: Lair:2-4     Snake: Lair:2-4    Spider: Lair:2-4

Altars:
Ashenzari
Cheibriados
Dithmenos
Elyvilon
Fedhas
Gozag
Hepliaklqana
Kikubaaqudgha
Makhleb
Nemelex Xobeh
Okawaru
Qazlal
Ru
Sif Muna
Trog
Uskayaw
Vehumet
Wu Jian
Xom
Yredelemnul
Zin
The Shining One

Shops:
D:7 [

Portals:
Trove: D:10 (give +3 fire dragon scales)


Innate Abilities, Weirdness & Mutations

You have blades for hands.
Your spellcasting is less reliable in this form.
You are incapable of wielding weapons or throwing items.
You are too large for most types of armour.
You have tough skin. (AC +1)
You have a pair of small antennae on your head.
You passively map a small area around you.
You are covered in fur. (AC +1)
You have hidden genetic potential.
Your spells are a little easier to cast, but a little less powerful.


Message History

The water moccasin is distracted by your dazzling golden aura. x2
The water moccasin attacks as you move away!
The water moccasin bites you!
You are more poisoned.
The water moccasin poisons you!
You feel extremely sick.
The wolf is distracted by your dazzling golden aura.
The black mamba bites you.
The water moccasin is distracted by your dazzling golden aura.
There is a stone staircase leading up here.
You feel very sick. The black mamba bites you!
The black mamba closely misses you. The black mamba bites you!
* * * LOW HITPOINT WARNING * * *
You are lethally poisoned!
The black mamba poisons you! The black mamba bites you!
* * * LOW HITPOINT WARNING * * *
You are more poisoned.
The black mamba poisons you!
The water moccasin hisses angrily.
The wolf howls!
You climb upwards.
* * * LOW HITPOINT WARNING * * *
You feel extremely sick.
There is a stone staircase leading down here.
You feel much better.
* * * LOW HITPOINT WARNING * * *
You feel extremely sick. The black mamba bites you.
* * * LOW HITPOINT WARNING * * *
You are more poisoned.
The black mamba poisons you! The black mamba bites you.
* * * LOW HITPOINT WARNING * * *
The black mamba barely misses you. The black mamba bites you.
* * * LOW HITPOINT WARNING * * *
Okay, then.
Blink to where?
Press: ? - help, Dir - move target
As you read the scroll of blinking, it crumbles to dust.
You die...
Your body crumbles into a pile of gold.

.....)#P....##.....#.............
+.....##....##...........#.....#.
#.....#.....#......#.....#.....#.
#......#....##.....#...........#.
#.....##....##.....#.....#.......
#.....P#....##......+P...#.....#.
......##.#####.................##
......######.#...................
................@................
.................................
.................................
##...##...###..................#P
##..........#.......P'S#.#....###
#....#..............#§S.......##.
............#.......#.........##.
..P..#......#.......#....#....##.
≈≈≈.........#.......#....#....##.


You could see 2 black mambas.

Vanquished Creatures
  Harold (D:9)
  A boulder beetle (D:12)
  A vault guard (D:10)
  Erica (D:11)
  2 two-headed ogres
  Sonja (D:11)
  Amaemon (D:11)
  Lodul (D:11)
  The ghost of TorpidAnima the Carver, a novice MiBe of Trog (D:7)
  An orc knight (Bailey)
  A deep elf pyromancer (D:9)
  A cyclops (D:11)
  Maurice (D:10)
  A black mamba (Lair:2)
  A cane toad (Lair:1)
  An orange demon (D:11)
  3 meliai (D:11)
  2 trolls
  2 vampires (D:11)
  2 shadows (D:11)
  21 yaks
  4 wyverns
  A basilisk (D:11)
  2 steam dragons (D:9)
  5 vampire mosquitoes (D:11)
  8 water moccasins
  2 acid dragons (D:10)
  A swamp drake (D:10)
  5 orc warriors
  4 black bears
  2 centaurs
  6 ogres (D:11)
  6 wolves
  A phantom (D:4)
  2 kobold brigands
  6 bullfrogs
  2 gnoll sergeants
  3 necrophages
  2 scorpions (D:6)
  An elf skeleton (D:8)
  7 wights (D:7)
  4 killer bees (D:9)
  An electric eel (Lair:1)
  A lava snake (D:9)
  5 howler monkeys
  A centaur zombie (Ossuary)
  A hound (D:5)
  A gnoll shaman (D:8)
  A jelly (D:4)
  2 human zombies
  7 orc priests
  6 iguanas
  Natasha (thrice) (D:2)
  10 orc wizards
  2 human skeletons (D:8)
  4 mummies (Ossuary)
  29 gnolls
  4 adders
  2 shadow imps
  6 white imps
  2 ufetubi (D:5)
  A worm (D:5)
  3 dart slugs
  43 orcs
  3 bats
  6 endoplasms
  3 giant cockroaches
  A gnoll zombie (Ossuary)
  12 goblins
  8 hobgoblins
  8 jackals
  3 quokkas (D:4)
  6 ball pythons
  2 frilled lizards (D:1)
  A goblin zombie (Ossuary)
  4 hobgoblin zombies (Ossuary)
  22 kobolds
  2 orc skeletons (D:8)
  2 butterflies (D:5)
339 creatures vanquished.

Vanquished Creatures (others)
  5 fungi (D:11)
  26 plants
31 creatures vanquished.

Grand Total: 370 creatures vanquished

Notes
Turn   | Place    | Note
-------+----------+-------------------------------------------
     0 | D:1      | avis the Ogre Transmuter began the quest for the Orb.
     0 | D:1      | Reached XP level 1. HP: 19/19 MP: 3/3
   279 | D:1      | Reached XP level 2. HP: 28/28 MP: 3/5
   540 | D:1      | Reached XP level 3. HP: 37/37 MP: 4/6
  1088 | D:1      | Found a faded altar of an unknown god.
  1131 | D:1      | Learned a level 3 spell: Spider Form
  1573 | D:2      | Noticed Natasha
  1595 | D:2      | Killed Natasha
  1596 | D:2      | Reached XP level 4. HP: 26/48 MP: 3/7
  1882 | D:2      | Noticed Natasha
  1926 | D:2      | Killed Natasha
  2046 | D:2      | Noticed Natasha
  2053 | D:2      | Killed Natasha
  2054 | D:2      | Reached XP level 5. HP: 47/54 MP: 6/8
  2263 | D:2      | Reached skill level 1 in Poison Magic
  2630 | D:3      | Learned a level 4 spell: Ice Form
  3235 | D:3      | Reached skill level 5 in Fighting
  3447 | D:3      | Found a glowing silver altar of Zin.
  3448 | D:3      | Noticed an angel
  3859 | D:4      | Reached XP level 6. HP: 47/66 MP: 8/10
  4239 | D:4      | Got the Grimoire of Hexes and the Escort
  4319 | D:4      | Reached skill level 5 in Unarmed Combat
  4930 | D:5      | Entered Level 5 of the Dungeon
  4974 | D:4      | Reached XP level 7. HP: 63/75 MP: 11/11
  5457 | D:5      | Found a staircase to the Ecumenical Temple.
  5475 | Temple   | Entered the Ecumenical Temple
  5976 | D:5      | Upgraded the game from 0.29-a0-483-g69413ace17 to
                  | 0.29-a0-490-g77b3608bb8
  5979 | D:5      | Learned a level 2 spell: Passwall
  6063 | D:5      | Reached XP level 8. HP: 64/83 MP: 12/12
  6310 | D:6      | Found a hazy altar of Hepliaklqana.
  7031 | D:5      | Learned a level 2 spell: Wereblood
  7209 | D:6      | Reached skill level 1 in Ice Magic
  7820 | D:6      | Found an opulent altar of Gozag.
  7833 | D:6      | Became a worshipper of Gozag Ym Sagoz the Greedy
  7929 | D:7      | Reached XP level 9. HP: 93/93 MP: 15/15
  8053 | D:7      | Found a runed translucent gate.
  8053 | D:7      | Found a runed translucent gate.
  8053 | D:7      | Found a runed translucent gate.
  8053 | D:7      | Noticed TorpidAnima's ghost (novice MiBe)
  8175 | D:7      | Found a sparkling altar of Nemelex Xobeh.
  8297 | D:7      | Found Eggintor's Armour Boutique.
  8388 | D:7      | Bought a +0 hat for 56 gold pieces
  8510 | D:7      | Found a shimmering blue altar of Sif Muna.
  8510 | D:7      | Found a glowing golden altar of the Shining One.
  8936 | D:7      | Learned a level 2 spell: Blink
  9851 | D:7      | Gained mutation: You occasionally shout uncontrollably at
                  | your foes. [mutagenic glow]
 10152 | D:8      | Found Soblusos's Distillery.
 10155 | D:8      | Bought a potion of mutation for 88 gold pieces
 10155 | D:8      | Lost mutation: You occasionally shout uncontrollably at
                  | your foes. [potion of mutation]
 10155 | D:8      | Gained mutation: You have large cloven feet. [potion of
                  | mutation]
 10155 | D:8      | Gained mutation: You are covered in fur. (AC +1) [potion of
                  | mutation]
 10155 | D:8      | Gained mutation: You have an increased reservoir of magic.
                  | (+10% MP) [potion of mutation]
 10265 | D:8      | Found a sand-covered staircase.
 10281 | Ossuary  | Entered an ossuary
 11628 | D:8      | Reached skill level 5 in Spellcasting
 11647 | D:9      | Reached skill level 5 in Transmutations
 11647 | D:9      | Reached XP level 10. HP: 104/104 MP: 14/19
 11705 | D:8      | Learned a level 5 spell: Blade Hands
 11813 | D:9      | Found a stormy altar of Qazlal.
 11843 | D:9      | Noticed a two-headed ogre
 11850 | D:9      | Killed a two-headed ogre
 12085 | D:9      | Found an ancient bone altar of Kikubaaqudgha.
 12259 | D:9      | Noticed Harold
 12295 | D:9      | Killed Harold
 12597 | D:9      | Reached skill level 1 in Shields
 12621 | D:9      | Noticed a deep elf pyromancer
 12627 | D:9      | Killed a deep elf pyromancer
 12688 | D:9      | Found a hide-covered altar of Uskayaw.
 12692 | D:9      | You fall into a shaft and drop 3 floors!
 12695 | D:12     | Noticed a boulder beetle
 12716 | D:12     | Killed a boulder beetle
 12717 | D:12     | Reached skill level 10 in Fighting
 12720 | D:12     | Noticed a two-headed ogre
 12730 | D:12     | Killed a two-headed ogre
 12731 | D:12     | Reached XP level 11. HP: 92/117 MP: 22/22
 12974 | D:11     | Noticed a cyclops
 12978 | D:11     | Killed a cyclops
 12979 | D:11     | Reached skill level 10 in Unarmed Combat
 13107 | D:10     | Entered Level 10 of the Dungeon
 13206 | D:10     | Found a flagged portal.
 13502 | Bailey   | Entered a bailey
 14355 | Bailey   | Noticed an orc knight
 14371 | Bailey   | Killed an orc knight
 14372 | Bailey   | Reached skill level 5 in Shields
 14765 | D:10     | Noticed a vault guard
 14774 | D:10     | Killed a vault guard
 14946 | D:10     | Found a portal to a secret trove of treasure.
 15133 | D:10     | Found a burning altar of Makhleb.
 15240 | D:10     | Found a white marble altar of Elyvilon.
 15297 | D:10     | Noticed Maurice
 15314 | D:10     | Killed Maurice
 15639 | D:10     | Found a staircase to the Orcish Mines.
 16390 | Temple   | Upgraded the game from 0.29-a0-490-g77b3608bb8 to
                  | 0.29-a0-495-g17b79114eb
 16391 | Temple   | Reached XP level 12. HP: 132/132 MP: 24/24
 16554 | D:7      | Killed TorpidAnima's ghost
 16726 | D:8      | Bought a potion of curing for 33 gold pieces
 16726 | D:8      | Bought a potion of curing for 33 gold pieces
 16726 | D:8      | Bought a potion of haste for 110 gold pieces
 16726 | D:8      | Bought a potion of resistance for 110 gold pieces
 16726 | D:8      | Bought a potion of brilliance for 44 gold pieces
 16726 | D:8      | Bought 2 potions of brilliance for 88 gold pieces
 16726 | D:8      | Bought a potion of ambrosia for 88 gold pieces
 17000 | D:11     | Noticed Amaemon
 17010 | D:11     | Killed Amaemon
 17606 | D:11     | Reached XP level 13. HP: 71/140 MP: 20/25
 17818 | D:11     | Found a staircase to the Lair.
 17842 | D:11     | Noticed Erica
 17847 | D:11     | Killed Erica
 18101 | D:11     | Noticed Sonja
 18107 | D:11     | Killed Sonja
 18321 | D:11     | Noticed Lodul
 18334 | D:11     | Killed Lodul
 18608 | D:11     | Gained mutation: Your spells are a little easier to cast,
                  | but a little less powerful. [mutagenic glow]
 19002 | Lair:1   | Entered Level 1 of the Lair of Beasts
 19148 | Lair:1   | Gained mutation: You have a pair of small antennae on your
                  | head. [mutagenic glow]
 19752 | Lair:1   | Lost mutation: You have an increased reservoir of magic.
                  | (+10% MP) [potion of mutation]
 19752 | Lair:1   | Lost mutation: You have large cloven feet. [potion of
                  | mutation]
 19752 | Lair:1   | Gained mutation: You have hidden genetic potential. [potion
                  | of mutation]
 19752 | Lair:1   | Gained mutation: You passively map a small area around you.
                  | [potion of mutation]
 20480 | Lair:1   | HP: 4/140 [poisoned by a black mamba]
 20482 | Lair:1   | Succumbed to a black mamba's poison

Illustrated notes

Levels and vault maps discovered:
D:1:      dpeg_arrival_solitude, layout_rooms,
          dilly_ecumenical_altar_fadedgnrine
D:2:      layout_loops_corners, dk_noncrumbling_4, grunt_decor_junction,
          minmay_quantized, uniq_natasha
D:3:      layout_loops_ring, zin_angel
D:4:      kennysheep_spiral_hall, layout_cave_pools, minmay_manual_mail
D:5:      layout_basic, minmay_temple_entry_butterflies
D:6:      layout_basic, marbit_many_paths, nicolae_hepliaklqana_hazy_memory
D:7:      layout_basic, nemelex_altar_shiori, gammafunk_temple_overflow_statue,
          serial_shops, nicolae_inconvenience_store, ebering_ghost_rock_garden,
          serial_rivers, chequers_serial_rivers_small_a,
          chequers_serial_rivers_micro_d, chequers_serial_rivers_large_a,
          chequers_serial_rivers_micro_b, chequers_serial_rivers_micro_c,
          dk_noncrumbling_3, grunt_decor_resistance, minmay_strange_pillars
D:8:      layout_gridville, serial_shops, nicolae_shop_behind_doors,
          nicolae_ossuary_entry_catacombs, minivault_11
D:9:      hellmonk_crumbling_castle, layout_irregular_city,
          nicolae_qazlal_scattered_showers, mainiacjoe_overflow_surrounded_room,
          nicolae_uskayaw_suspiria, uniq_harold
D:10:     layout_loops_ring, mainiacjoe_overflow_alcove_2,
          nicolae_overflow_crystal_walls, erik_orc_1, enter_trove_5,
          enter_bailey_5, uniq_maurice
D:11:     layout_basic, minmay_lair_entry_grove, uniq_lodul, uniq_amaemon,
          uniq_sonja, uniq_erica
D:12:     layout_basic
Temple:   jpeg_temple_clearing
Lair:1:   layout_regular_city, nicolae_lair_grazing_beasts
          [nicolae_sub_lair_graze_edge, nicolae_sub_lair_graze_edge,
          nicolae_sub_lair_graze_edge, nicolae_sub_lair_graze_edge]
Lair:2:   layout_loops_ring, swamp_mist, minmay_snake_entry_six_corridors,
          infiniplex_staircase_pool

Skill      XL: |  1  2  3  4  5  6  7  8  9 10 11 12 13 |
---------------+----------------------------------------+-----
Fighting       | 2 3 4 5 6 7 8 10 11 12 | 12.0
Unarmed Combat | 3 4 5 6 7 8 9 11 12 | 12.0
Transmutations | 2 4 5 6 7 8 |  8.0
Poison Magic   | 1 2 |  2.0
Spellcasting   | 3 4 5 6 7 9 |  9.0
Dodging        | 2 3 4 |  4.0
Ice Magic      | 2 4 |  4.0
Shields        | 3 6 7 9 |  9.1

Action                   |  1- 3 |  4- 6 |  7- 9 | 10-12 | 13-15 || total
-------------------------+-------+-------+-------+-------+-------++-------
Melee: Unarmed           |    93 |   180 |   311 |   268 |   109 ||   961
       Kick              |    13 |    36 |    13 |    66 |    31 ||   159
       Headbutt          |     8 |    16 |    13 |     1 |       ||    38
       Punch             |     1 |     5 |     3 |    18 |     5 ||    32
 Cast: Beastly Appendage |    23 |    43 |     9 |     2 |       ||    77
       Spider Form       |       |     6 |    41 |     1 |       ||    48
       Ice Form          |       |       |    14 |     8 |     1 ||    23
       Blade Hands       |       |       |       |    42 |    16 ||    58
Invok: Potion Petition   |       |       |       |     2 |     1 ||     3
 Abil: End Transformatio |       |       |       |       |     3 ||     3
  Use: Scroll            |       |     3 |    16 |     4 |     2 ||    25
       Potion            |       |       |     1 |     6 |     2 ||     9
 Stab: Sleeping          |       |       |     2 |       |       ||     2
       Distracted        |       |       |       |     1 |       ||     1
Armor: Robe              |    29 |    25 |    20 |    22 |    17 ||   113
       Skin              |       |       |    15 |    14 |     1 ||    30
Dodge: Dodged            |    44 |    90 |   229 |   177 |    44 ||   584
Block: Kite shield       |       |       |       |       |    10 ||    10

Table legend: (Time is in decaauts)
 A = Elapsed time spent in this place.
 B = Non-inter-level travel time spent in this place.
 C = Inter-level travel time spent in this place.
 D = Time resting spent in this place.
 E = Time spent auto-exploring this place.
 F = Levels seen in this place.
 G = Mean time per level.
                   A        B        C        D        E       F      G
               +--------+--------+--------+--------+--------+-----+--------+
         Total |  20419 |  17972 |   2447 |   6301 |   7089 |  17 | 1201.1 |
       Dungeon |  17647 |  15271 |   2376 |   5398 |   6219 |  12 | 1470.6 |
        Temple |    225 |    202 |     23 |      0 |    137 |   1 |  225.0 |
          Lair |   1108 |   1060 |     48 |    244 |    536 |   2 |  554.0 |
       Ossuary |    313 |    313 |      0 |     39 |      8 |   1 |  313.0 |
        Bailey |   1124 |   1124 |      0 |    620 |    189 |   1 | 1124.0 |
               +--------+--------+--------+--------+--------+-----+--------+

Top non-repeatable levels by time:
    D:10: 2488 daAuts
     D:7: 2153 daAuts
     D:5: 1673 daAuts
    D:11: 1673 daAuts
     D:6: 1589 daAuts
     D:2: 1460 daAuts
     D:8: 1332 daAuts
     D:3: 1315 daAuts
     D:9: 1284 daAuts
     D:1: 1209 daAuts
     D:4: 1178 daAuts
  Bailey: 1124 daAuts
  Lair:1: 1096 daAuts
 Ossuary: 313 daAuts
    D:12: 290 daAuts
